 Dungeon Crawl Stone Soup version 0.28.0-53-g5a82cb258f (webtiles) character file.

Game seed: 4185554366816441428

6232 Duralumin the Arsonist (level 10, -2/69 HPs)
             Began as a Demigod Fire Elementalist on Aug 17, 2022.
             Slain by a skeletal warrior
             ... wielding a +0 flail
             ... led by a death knight
              (10 damage)
             ... on level 9 of the Dungeon.
             The game lasted 00:37:56 (11270 turns).

Duralumin the Arsonist (Demigod Fire Elementalist) Turns: 11270, Time: 00:37:57

Health: -2/69      AC: 10    Str:  9    XL:     10   Next: 35%
Magic:  0/26       EV: 12    Int: 35    God:
Gold:   493        SH:  0    Dex: 14    Spells: 12/25 levels left

rFire   . . .      SeeInvis .   J - staff of conjuration
rCold   . . .      Faith    .   (no shield)
rNeg    . . .      Spirit   .   M - +0 steam dragon scales
rPois   +          Reflect  .   g - +1 hat
rElec   .          Harm     .   I - +2 cloak
rCorr   .          Rampage  .   (no gloves)
Will    +....                   B - +0 pair of boots
Stlth   ++........              K - amulet of regeneration
HPRegen 1.01/turn               d - ring of poison resistance
MPRegen 0.20/turn               C - +6 ring of intelligence

@: no status effects
A: high MP 1, forlorn, divine attributes, horns 1, wild magic 2, sturdy frame 1
a: no special abilities


You were on level 9 of the Dungeon.
You visited 1 branch of the dungeon, and saw 9 of its levels.
You also visited: Sewer.

You collected 493 gold pieces.

Inventory:

Hand Weapons
 e - a +1 dagger of electrocution
Missiles
 c - 5 curare-tipped darts
 D - 4 boomerangs of dispersal
Armour
 a - a +0 robe
 g - a +1 hat (worn)
 m - a +0 cloak
 B - a +0 pair of boots (worn)
 I - a +2 cloak (worn)
 M - +0 steam dragon scales (worn)
Magical Staves
 J - a staff of conjuration (weapon)
Jewellery
 d - a ring of poison resistance (left hand)
 j - a +4 ring of evasion
 C - a +6 ring of intelligence (right hand)
 K - an amulet of regeneration (around neck)
Wands
 b - a wand of iceblast (3)
 o - a wand of polymorph (4)
 L - a wand of digging (2)
Scrolls
 f - 3 scrolls of immolation
 h - 3 scrolls of holy word
 n - 2 scrolls of vulnerability
 p - a scroll of silence
 t - 2 scrolls of teleportation
 v - 2 scrolls of enchant weapon {unknown}
 w - 2 scrolls of fog {unknown}
 x - a scroll of magic mapping {unknown}
 y - a scroll of blinking {unknown}
 E - a scroll of amnesia {unknown}
Potions
 i - a potion of cancellation
 k - 2 potions of heal wounds
 l - 2 potions of lignification {unknown}
 q - 2 potions of might
 r - a potion of berserk rage {unknown}
 s - 6 potions of curing
 u - a potion of brilliance {unknown}
 z - 2 potions of invisibility {unknown}
 A - 4 potions of haste {unknown}
 F - a potion of resistance
 G - a potion of degeneration {unknown}
 H - a potion of mutation


   Skills:
 - Level 1.7 Dodging
 - Level 1.7 Stealth
 + Level 8.0 Spellcasting
 + Level 8.6 Conjurations
 + Level 9.1 Fire Magic


You had 12 spell levels left.
You knew the following spells:

 Your Spells              Type           Power      Damage    Failure   Level
a - Foxfire               Conj/Fire      100%       2x1d9     1%          1
b - Scorch                Fire           100%       2d10      1%          2
c - Flame Wave            Conj/Fire      100%       2d17      3%          4
d - Conjure Flame         Conj/Fire      100%       6-21      1%          3
e - Inner Flame           Hex/Fire       65%        N/A       4%          3

Your spell library contained the following spells:

 Spells                   Type           Power      Damage    Failure   Level
 Animate Skeleton         Necr           44%        N/A       9%          1
 Apportation              Tloc           44%        N/A       9%          1
 Pain                     Necr           88%        1d8       9%          1
 Slow                     Hex            88%        N/A       9%          1
 Summon Small Mammal      Summ           88%        N/A       9%          1
 Ensorcelled Hibernation  Hex/Ice        44%        N/A       12%         2
 Call Canine Familiar     Summ           22%        N/A       19%         3
 Confusing Touch          Hex            22%        N/A       19%         3
 Spider Form              Tmut/Pois      22%        N/A       19%         3
 Summon Guardian Golem    Hex/Summ       22%        N/A       19%         3
 Vampiric Draining        Necr           22%        2d7       19%         3
 Anguish                  Hex/Necr       11%        N/A       47%         4
 Animate Armour           Summ/Erth      44%        N/A       47%         4
 Cause Fear               Hex            11%        N/A       47%         4
 Iron Shot                Conj/Erth      41%        9d8       77%         6
 Blade Hands              Tmut           11%        N/A       78%         5
 Yara's Violent Unravell  Hex/Tmut       11%        3d6       78%         5
 Dragon Form              Tmut           11%        N/A       100%        7
 Enfeeble                 Hex            11%        N/A       100%        7
 Dragon's Call            Summ           11%        N/A       100%        9


Dungeon Overview and Level Annotations

Branches:
Dungeon (9/15)             Temple (0/1) D:7           Sewer (visited)
   Lair: D:8-11         Orc: D:9-12

Annotations:
D:3 3 runed translucent doors, dvd2's ghost, amateur HOFi


Innate Abilities, Weirdness & Mutations

You have an increased reservoir of magic. (+10% MP)
You shall have no god before yourself.
Your divine heritage dramatically boosts your attributes as you level up.
You have a pair of small horns on your head.
Your spells are harder to cast, but more powerful.
Your movements are slightly less encumbered by armour. (ER -2)


Message History

A wave of flame ripples out!
The flame wave engulfs the skeletal warrior!!
The skeletal warrior is heavily damaged.
The skeletal warrior closely misses you.
A wave of flame ripples out!
The flame wave engulfs the skeletal warrior but does no damage.
The skeletal warrior is heavily damaged.
You finish channelling waves of flame.
The skeletal warrior hits you with a +0 flail!!
The skeletal warrior hits you with a +0 flail!
Casting: Flame Wave (dangerous; 3% risk of failure)
Confirm with . or Enter, or press ? or * to list all spells.
Flames lash the skeletal warrior.
The skeletal warrior is severely damaged.
The skeletal warrior's fire resistance burns away.
The skeletal warrior hits you with a +0 flail!!
Casting: Scorch (safe; 1% risk of failure)
Confirm with . or Enter, or press ? or * to list all spells.
Casting: Flame Wave (dangerous; 3% risk of failure)
Press: ? - help, Dir - look around, f - activate You feel a surge of power!
A wave of flame ripples out!
The flame wave engulfs the skeletal warrior but does no damage.
The skeletal warrior is severely damaged. (Press . to intensify the flame waves.)
The skeletal warrior hits you with a +0 flail.
* * * LOW HITPOINT WARNING * * *
A wave of flame ripples out!
The flame wave engulfs the skeletal warrior!
The skeletal warrior is burned terribly!
The skeletal warrior is almost destroyed.
The skeletal warrior hits you with a +0 flail!
* * * LOW HITPOINT WARNING * * *
A wave of flame ripples out!
The flame wave engulfs the skeletal warrior.
The skeletal warrior is burned terribly!
The skeletal warrior is almost destroyed.
You finish channelling waves of flame.
The skeletal warrior is no longer more vulnerable to fire.
The skeletal warrior hits you with a +0 flail!
You die...

#.......#########....###
###+##'## ###..... #.#
###### #.#### #....#
####.# #.# #.#####.#
#..>.@z.# #########


You could see a skeletal warrior.

Vanquished Creatures
  Pikel (D:7)
  Maggie (D:9)
  A troll (D:9)
  2 hornets (D:9)
  A wraith (D:9)
  6 yaks (D:9)
  A steam dragon (D:8)
  3 water moccasins
  3 orc warriors (D:7)
  3 sky beasts
  A black bear (D:6)
  2 ogres
  4 centaurs
  A necrophage (D:4)
  A lemure (D:7)
  A phantom (D:5)
  5 kobold brigands
  2 bullfrogs (D:8)
  A scorpion (D:5)
  A water moccasin zombie (D:7)
  2 wyvern skeletons
  3 killer bees (D:7)
  A howler monkey (D:9)
  3 electric eels (D:6)
  2 centaur zombies
  A bullfrog zombie (D:7)
  3 hounds
  2 orc priests
  Crazy Yiuf (D:7)
  3 jellies
  A bullfrog skeleton (D:6)
  A centaur skeleton (D:5)
  Ijyb (D:2)
  2 iguanas
  11 orc wizards
  A hound skeleton (D:4)
  2 howler monkey zombies
  A howler monkey skeleton (D:7)
  10 adders
  A river rat (D:5)
  A shadow imp (D:8)
  A white imp (D:8)
  An ufetubus (D:5)
  An adder skeleton (D:4)
  11 worms
  8 dart slugs
  26 orcs
  6 bats
  11 endoplasms
  5 giant cockroaches
  10 goblins
  5 hobgoblins
  8 jackals
  9 kobolds
  14 ball pythons
  2 frilled lizards
  4 hobgoblin zombies (D:8)
  A kobold zombie (D:8)
  4 orc skeletons (D:8)
  12 rats
233 creatures vanquished.

Vanquished Creatures (collateral kills)
  A foxfire (D:7)
1 creature vanquished.

Vanquished Creatures (others)
  569 foxfires
569 creatures vanquished.

Grand Total: 803 creatures vanquished

Notes
Turn   | Place    | Note
-------+----------+-------------------------------------------
     0 | D:1      | Duralumin the Demigod Fire Elementalist began the quest for
                  | the Orb.
     0 | D:1      | Reached XP level 1. HP: 14/14 MP: 5/5
    16 | D:1      | Reached skill level 1 in Conjurations
   166 | D:1      | Reached XP level 2. HP: 20/20 MP: 0/7
   408 | D:1      | Reached skill level 3 in Fire Magic
   786 | D:2      | Learned a level 2 spell: Scorch
   971 | D:2      | Reached XP level 3. HP: 23/26 MP: 0/9
  1519 | D:2      | Noticed Ijyb
  1533 | D:2      | Gained mutation: You have hidden genetic defects. [potion
                  | of mutation]
  1533 | D:2      | Gained mutation: You possess an exceptional clarity of
                  | mind. [potion of mutation]
  1533 | D:2      | Gained mutation: Your system is resistant to poisons.
                  | (rPois) [potion of mutation]
  1533 | D:2      | Gained mutation: Your spells are a little harder to cast,
                  | but a little more powerful. [potion of mutation]
  1539 | D:2      | Lost mutation: You have hidden genetic defects. [potion of
                  | mutation]
  1539 | D:2      | Lost mutation: Your system is resistant to poisons. (rPois)
                  | [potion of mutation]
  1539 | D:2      | Lost mutation: You possess an exceptional clarity of mind.
                  | [potion of mutation]
  1539 | D:2      | Gained mutation: Your movements are slightly less
                  | encumbered by armour. (ER -2) [potion of mutation]
  1539 | D:2      | Gained mutation: Your spells are harder to cast, but more
                  | powerful. [potion of mutation]
  1539 | D:2      | Gained mutation: You have a pair of small horns on your
                  | head. [potion of mutation]
  1548 | D:2      | Killed Ijyb
  2225 | D:3      | Reached XP level 4. HP: 33/33 MP: 6/10
  2465 | D:3      | Found a runed translucent gate.
  2465 | D:3      | Found a runed translucent gate.
  2465 | D:3      | Found a runed translucent gate.
  2469 | D:3      | Noticed dvd2's ghost (amateur HOFi)
  2490 | D:3      | Identified the +4 mace of Balance {drain, +Blink Int+3}
  2490 | D:3      | Identified the +0 ring mail "Muys" {+Blink Will+ Str-3
                  | Dex+6}
  2713 | D:3      | Reached XP level 5. HP: 38/38 MP: 6/12
  2824 | D:3      | Learned a level 4 spell: Flame Wave
  3100 | D:4      | Reached skill level 4 in Fire Magic
  3328 | D:4      | Noticed a necrophage
  3332 | D:4      | Killed a necrophage
  3333 | D:4      | Reached XP level 6. HP: 45/45 MP: 2/14
  4170 | D:5      | Entered Level 5 of the Dungeon
  4364 | D:5      | Found a glowing drain.
  4409 | Sewer    | Entered a sewer
  4527 | Sewer    | Reached skill level 5 in Fire Magic
  4527 | Sewer    | Reached XP level 7. HP: 47/50 MP: 13/16
  6436 | D:6      | Reached skill level 5 in Conjurations
  6744 | D:6      | Reached XP level 8. HP: 57/57 MP: 13/18
  6807 | D:6      | Reached skill level 5 in Spellcasting
  6807 | D:6      | Reached skill level 6 in Fire Magic
  7570 | D:6      | Learned a level 3 spell: Conjure Flame
  7574 | D:6      | Learned a level 3 spell: Inner Flame
  7782 | D:6      | Noticed an angel
  8085 | D:7      | Reached skill level 7 in Fire Magic
  8276 | D:7      | Reached XP level 9. HP: 62/62 MP: 14/22
  8493 | D:7      | Found a staircase to the Ecumenical Temple.
  8506 | D:7      | Noticed Pikel
  8776 | D:7      | Killed Pikel
  8899 | D:7      | Found a runed translucent door.
  8900 | D:7      | Noticed Crazy Yiuf
  9501 | D:7      | Killed Crazy Yiuf
  9634 | D:8      | Reached skill level 8 in Fire Magic
 10666 | D:9      | Reached XP level 10. HP: 47/69 MP: 9/25
 11132 | D:9      | Noticed Maggie
 11142 | D:9      | Killed Maggie
 11143 | D:9      | Reached skill level 9 in Fire Magic
 11225 | D:9      | Noticed a skeletal warrior
 11245 | D:9      | Noticed a skeletal warrior
 11270 | D:9      | Slain by a skeletal warrior

Illustrated notes

Levels and vault maps discovered:
D:1:      minmay_arrival_five_plusses, layout_basic
D:2:      kennysheep_the_goblin_king, layout_basic,
          shapermc_ecumenical_altar_notcrosses
D:3:      kennysheep_big_flooded_room, layout_rooms, biasface_ghost_orc_armoury,
          serial_corexii_hall, corexii_hall_statues_i, corexii_hall_statues_l
D:4:      layout_basic
D:5:      layout_layer_cave, portal_sewer_entry_b
D:6:      kennysheep_slugbush, layout_basic, zin_angel
D:7:      layout_rooms, mainiacjoe_overflow_alcove_4, minmay_temple_entry_glass,
          hangedman_decor_peaks_small, uniq_pikel, uniq_crazy_yiuf_cottage
D:8:      layout_loops_ring, mainiacjoe_overflow_catwalk, vehumet_crystals,
          lemuel_crystal_altar, nicolae_tso_besieged_by_evil,
          nemelex_xobeh_ov_fountains_minmay
D:9:      layout_basic, orc_0_dummy, uniq_maggie, uniq_harold

Skill      XL: |  1  2  3  4  5  6  7  8  9 10 |
---------------+-------------------------------+-----
Conjurations   | 1 2 3 4 5 6 8 |  8.6
Spellcasting   | 2 3 4 6 7 8 |  8.0
Fire Magic     | 3 4 5 7 8 9 |  9.1
Dodging        | |  1.7
Stealth        | |  1.7

Action                   |  1- 3 |  4- 6 |  7- 9 | 10-12 || total
-------------------------+-------+-------+-------+-------++-------
Melee: Unarmed           |     1 |       |       |       ||     1
       Dagger            |     6 |    14 |       |       ||    20
       Headbutt          |       |     3 |       |       ||     3
 Cast: Foxfire           |    53 |    87 |   202 |    24 ||   366
       Scorch            |     9 |    15 |    82 |     7 ||   113
       Flame Wave        |       |       |     4 |     9 ||    13
       Conjure Flame     |       |       |     1 |       ||     1
  Use: Potion            |     6 |       |       |       ||     6
       Scroll            |     1 |     6 |     3 |       ||    10
 Stab: Sleeping          |     1 |       |       |       ||     1
Armor: Robe              |     3 |     2 |     9 |     2 ||    16
Dodge: Dodged            |    14 |    31 |    37 |     6 ||    88
